 Dungeon Crawl Stone Soup version 0.29.1-4-g47bece8355 (webtiles) character file.

Game seed: 3535932989139926757

5920 BiteMe the Fighter (level 10, 0/88 HPs)
             Began as a Demonspawn Fire Elementalist on Dec 11, 2022.
             Was an Initiate of Vehumet.
             Shot with an arrow by a centaur warrior (17 damage)
             ... on level 11 of the Dungeon.
             The game lasted 02:31:45 (14632 turns).

BiteMe the Fighter (Demonspawn Fire Elementalist)  Turns: 14632, Time: 02:31:46

Health: 0/88       AC:  8    Str:  8    XL:     10   Next: 53%
Magic:  1/22       EV: 20    Int: 21    God:    Vehumet [......]
Gold:   668        SH:  0    Dex: 14    Spells: 10/26 levels left

rFire   . . .      SeeInvis .   M - +5 quarterstaff (chaos)
rCold   . . .      Faith    .   (shield currently unavailable)
rNeg    . . .      Spirit   .   a - +0 robe
rPois   .          Reflect  .   y - +2 hat
rElec   .          Harm     .   N - +0 cloak
rCorr   .          Rampage  .   u - +0 pair of gloves
Will    .....                   J - +0 pair of boots
Stlth   ++........              (no amulet)
HPRegen 0.24/turn               w - +4 ring of evasion
MPRegen 0.36/turn               x - +4 ring of evasion

@: marked, studying Fighting
A: antennae 2, rugged brown scales 1, ignite blood 3, magic regeneration
a: Renounce Religion


You were on level 11 of the Dungeon.
You worshipped Vehumet.
Vehumet was noncommittal.
You visited 2 branches of the dungeon, and saw 10 of its levels.
You also visited: Ossuary.

You collected 1618 gold pieces.
You spent 950 gold pieces at shops.

Inventory:

Hand Weapons
 b - a +4 dire flail
 d - a +0 spear of freezing
 g - a +0 dagger
 h - a +0 rapier
 i - a +1 vorpal spear
 l - a +0 club
 p - a +0 great sword
 v - a +1 whip of freezing
 B - a +1 trident
 H - a +0 falchion
 L - a +1 dagger of flaming
 M - a +5 quarterstaff of chaos (weapon)
 O - a +0 hammer
 P - a +0 war axe
 R - a +2 vampiric dagger
 T - the +3 mace "Wudwut" {venom, rN+ Dex+3}
   (You found it on level 5 of the Dungeon)

   It poisons the flesh of those it strikes.
   Dex:       It affects your dexterity (+3).
   rN:        It protects you from negative energy.
Armour
 a - a +0 robe (worn)
 u - a +0 pair of gloves (worn)
 y - a +2 hat (worn)
 J - a +0 pair of boots (worn)
 N - a +0 cloak (worn)
Jewellery
 f - a ring of flight
 w - a +4 ring of evasion (left hand)
 x - a +4 ring of evasion (right hand)
 W - the ring "Lumosoh" {rF+ rN+ Dex+3}
   (You found it on level 6 of the Dungeon)

   [ring of protection from fire]

   Dex:       It affects your dexterity (+3).
   rF:        It protects you from fire.
   rN:        It protects you from negative energy.
Wands
 A - a wand of flame (16)
 K - a wand of roots (11)
 Q - a wand of polymorph (12)
Scrolls
 c - 8 scrolls of teleportation
 j - a scroll of identify
 m - 2 scrolls of butterflies
 n - 3 scrolls of poison
 o - 2 scrolls of magic mapping
 G - a scroll of immolation
 Y - a scroll of fear
Potions
 e - 3 potions of curing
 q - 3 potions of mutation
 r - 2 potions of haste
 s - 4 potions of might
 t - 2 potions of lignification
 z - 3 potions of brilliance
 E - 3 potions of ambrosia
 F - a potion of heal wounds
 X - a potion of invisibility


   Skills:
 * Level 10.3 Fighting
 + Level 0.5 Short Blades
 + Level 0.5(4.1) Polearms
 * Level 6.6(6.7) Staves
 - Level 1.7 Dodging
 - Level 1.7 Stealth
 - Level 8.6 Spellcasting
 - Level 3.6 Conjurations
 - Level 6.8 Fire Magic


You had 10 spell levels left.
You knew the following spells:

 Your Spells              Type           Power      Damage    Failure   Level
a - Foxfire               Conj/Fire      100%       2x1d9     1%          1
b - Scorch                Fire           74%        2d8       1%          2
c - Conjure Flame         Conj/Fire      31%        6-21      2%          3
d - Inner Flame           Hex/Fire       23%        N/A       5%          3
e - Flame Wave            Conj/Fire      31%        2d9       9%          4
f - Mephitic Cloud        Conj/Pois/Air  14%        N/A       14%         3

Your spell library contained the following spells:

 Spells                   Type           Power      Damage    Failure   Level
 Magic Dart               Conj           96%        1d7       1%          1
 Freeze                   Ice            36%        1d6       8%          1
 Call Imp                 Summ           9%         N/A       11%         2
 Poisonous Vapours        Pois/Air       18%        N/A       11%         2
 Sublimation of Blood     Necr           9%         N/A       11%         2
 Wereblood                Tmut           9%         N/A       11%         2
 Frozen Ramparts          Ice            18%        1d3       22%         3
 Hailstorm                Conj/Ice       16%        3d6       34%         4
 Corpse Rot               Necr/Pois/Air  9%         N/A       58%         4
 Summon Hydra             Summ           4%         N/A       100%        7


Dungeon Overview and Level Annotations

Branches:
Dungeon (8/15)             Temple (1/1) D:7         Ossuary (visited)
   Lair: D:8-11

Altars:
Ashenzari
Cheibriados
Dithmenos
Fedhas
Gozag
Hepliaklqana
Makhleb
Nemelex Xobeh
Okawaru
Ru
Sif Muna
Trog
Uskayaw
Vehumet
Wu Jian
Xom

Shops:
D:3 :   D:7 ?

Annotations:
Temple 2 transporters


Innate Abilities, Weirdness & Mutations

You have a pair of antennae on your head.
You are partially covered in rugged brown scales. (AC +1, +3% HP)
Your demonic aura causes all spilled blood to erupt in flames.
You regenerate magic rapidly.


Message History

Found 12 gold pieces and 3 boomerangs.
Found a stone staircase leading up.
The centaur wields a +0 shortbow.
The centaur shoots an arrow.
The arrow hits you.
The centaur shoots an arrow.
The arrow completely misses you.
The centaur shoots an arrow.
The arrow misses you.
There is a stone staircase leading up here.
Casting: Flame Wave (dangerous; 9% risk of failure)
Confirm with . or Enter, or press ? or * to list all spells.
You can't see any susceptible monsters within range! (Use Z to cast anyway.)
Found a stone staircase leading down.
The centaur warrior wields a +0 shortbow.
The centaur warrior shoots an arrow.
The arrow hits you.
Casting: Flame Wave (dangerous; 9% risk of failure)
Confirm with . or Enter, or press ? or * to list all spells.
Flames lash the centaur.
The centaur is moderately wounded.
The centaur's fire resistance burns away.
The centaur warrior shoots an arrow.
The arrow hits you!
The centaur shoots an arrow.
The arrow misses you.
The centaur warrior shoots an arrow.
The arrow misses you.
Casting: Scorch (safe; 1% risk of failure)
Confirm with . or Enter, or press ? or * to list all spells.
Flames lash the centaur.
The centaur is burned terribly!
The centaur is heavily wounded.
The centaur unwields a +0 shortbow.
The centaur completely misses you. x2
Casting: Scorch (safe; 1% risk of failure)
Confirm with . or Enter, or press ? or * to list all spells.
Flames lash the centaur.
The centaur is burned terribly!
You kill the centaur!
Vehumet accepts your kill.
The centaur warrior shoots an arrow.
The arrow hits you!!
* * * LOW HITPOINT WARNING * * *
The centaur warrior shoots an arrow.
The arrow hits you!
* * * LOW HITPOINT WARNING * * *
The centaur wields a +0 shortbow.
The centaur shoots an arrow.
The arrow closely misses you.
There is a stone staircase leading up here.
The centaur warrior shoots an arrow.
The arrow misses you.
The centaur warrior shoots an arrow.
The arrow hits you!
You die... ....... ##. ...>.#.YY# c.$ #.##...c.# #YY

#.##.....# #H#
#.#......# #Y#
#........### #W# #
#.......c..###{##
###..##...○☼...#.##...#
#........@§.$(.#..#...#
#..............##.c...#
#..............####...#
#..............# #...#
#........####### #...#
#........# #...#
#........# #...#
########## #...# #...#


You could see a centaur warrior, 2 yaks and a centaur.

Vanquished Creatures
  Pikel (D:4)
  Psyche (D:11)
  A troll (D:6)
  Grinder (D:6)
  A shadow (D:11)
  10 yaks
  A wraith (D:11)
  A water moccasin (D:4)
  An orc warrior (D:8)
  A sky beast (D:7)
  3 ice beasts
  A black bear (D:6)
  An ogre (D:6)
  A centaur (D:11)
  A phantom (D:5)
  3 lemures (D:4)
  A kobold brigand (D:7)
  4 bullfrogs
  2 necrophages
  2 scorpions
  4 wights
  7 killer bees (D:8)
  A crimson imp (D:4)
  5 hounds
  Crazy Yiuf (D:4)
  3 orc priests
  2 gnoll boudas (D:7)
  2 iguanas
  Natasha (thrice) (D:3)
  3 orc wizards
  12 mummies (Ossuary)
  18 gnolls
  5 adders
  A shadow imp (D:7)
  A white imp (D:6)
  A worm (D:3)
  4 dart slugs
  28 orcs
  8 bats
  5 endoplasms
  A giant cockroach (D:1)
  8 goblins
  12 hobgoblins
  2 jackals (D:2)
  7 quokkas
  4 ball pythons
  3 frilled lizards
  5 gnoll skeletons (Ossuary)
  2 goblin skeletons (D:4)
  3 goblin zombies (D:4)
  A hobgoblin zombie (D:4)
  11 kobolds
  3 kobold skeletons
  An orc skeleton (Ossuary)
  2 orc zombies (D:4)
  3 rats (D:2)
  11 rat skeletons (Ossuary)
231 creatures vanquished.

Vanquished Creatures (others)
  532 foxfires
532 creatures vanquished.

Grand Total: 763 creatures vanquished

Notes
Turn   | Place    | Note
-------+----------+-------------------------------------------
     0 | D:1      | BiteMe the Demonspawn Fire Elementalist began the quest for
                  | the Orb.
     0 | D:1      | Reached XP level 1. HP: 13/13 MP: 3/3
   969 | D:1      | Gained mutation: You have a pair of small antennae on your
                  | head. [demonic ancestry]
   969 | D:1      | Reached XP level 2. HP: 19/19 MP: 3/5
  1472 | D:2      | Found a faded altar of an unknown god.
  1827 | D:2      | Reached XP level 3. HP: 23/24 MP: 2/6
  1831 | D:2      | Learned a level 2 spell: Scorch
  1986 | D:2      | Learned a level 3 spell: Conjure Flame
  3483 | D:3      | Found Pemn's Book Emporium.
  3513 | D:3      | Noticed Natasha
  3517 | D:3      | Gained mutation: Your demonic aura sometimes causes spilled
                  | blood to erupt in flames. [demonic ancestry]
  3517 | D:3      | Reached XP level 4. HP: 24/30 MP: 0/8
  3527 | D:3      | Killed Natasha
  3574 | D:3      | Noticed Natasha
  3593 | D:3      | Killed Natasha
  3914 | D:3      | Gained mutation: Your demonic aura often causes spilled
                  | blood to erupt in flames. [demonic ancestry]
  3914 | D:3      | Reached XP level 5. HP: 35/35 MP: 0/10
  4191 | D:3      | Noticed Natasha
  4195 | D:3      | Killed Natasha
  4740 | D:4      | Noticed a water moccasin
  5165 | D:4      | Gained mutation: You have a pair of antennae on your head.
                  | [demonic ancestry]
  5165 | D:4      | Reached XP level 6. HP: 41/41 MP: 8/12
  6356 | D:4      | Reached skill level 5 in Spellcasting
  6582 | D:4      | Found a runed translucent door.
  6583 | D:4      | Noticed Crazy Yiuf
  6600 | D:4      | Killed Crazy Yiuf
  6601 | D:4      | Gained mutation: Your demonic aura causes all spilled blood
                  | to erupt in flames. [demonic ancestry]
  6601 | D:4      | Reached XP level 7. HP: 32/46 MP: 9/14
  7551 | D:4      | Noticed Pikel
  7884 | D:4      | Killed Pikel
  7885 | D:4      | Reached skill level 5 in Fire Magic
  7885 | D:4      | Reached XP level 8. HP: 52/52 MP: 0/18
  8163 | D:5      | Entered Level 5 of the Dungeon
  8367 | D:5      | Reached skill level 1 in Staves
  8854 | D:5      | Identified the +3 mace "Wudwut" {venom, rN+ Dex+3}
  9121 | D:6      | Noticed a troll
  9136 | D:6      | Found a sand-covered staircase.
  9145 | Ossuary  | Entered an ossuary
  9447 | Ossuary  | Learned a level 3 spell: Inner Flame
 11188 | D:6      | Noticed Grinder
 11197 | D:6      | Killed Grinder
 11198 | D:6      | Gained mutation: You are partially covered in rugged brown
                  | scales. (AC +1, +3% HP) [demonic ancestry]
 11198 | D:6      | Reached XP level 9. HP: 52/58 MP: 11/21
 11387 | D:6      | Reached skill level 1 in Fighting
 11506 | D:6      | Killed a troll
 11507 | D:6      | Reached skill level 3 in Fighting
 11511 | D:6      | Identified the ring "Lumosoh" {rF+ rN+ Dex+3}
 11850 | D:6      | Identified a scroll of acquirement
 11850 | D:6      | Acquired 1206 gold pieces
 12037 | D:3      | Bought a book of Vapours for 208 gold pieces
 12037 | D:3      | Bought a book of Minor Magic for 234 gold pieces
 12037 | D:3      | Bought a book of Frost for 286 gold pieces
 12047 | D:3      | Learned a level 4 spell: Flame Wave
 12051 | D:3      | Learned a level 3 spell: Mephitic Cloud
 12148 | D:7      | Reached skill level 4 in Fighting
 12152 | D:7      | Reached skill level 5 in Fighting
 12156 | D:7      | Reached skill level 6 in Fighting
 12727 | D:7      | Found Siucalla's Magic Scroll Boutique.
 12858 | D:7      | Reached skill level 7 in Fighting
 13089 | D:7      | Found a staircase to the Ecumenical Temple.
 13095 | Temple   | Entered the Ecumenical Temple
 13095 | Temple   | Found a transporter.
 13095 | Temple   | Found a transporter.
 13097 | Temple   | Found a transporter.
 13097 | Temple   | Found a transporter.
 13112 | Temple   | Became a worshipper of Vehumet
 13216 | D:7      | Gained mutation: You regenerate magic rapidly. [demonic
                  | ancestry]
 13216 | D:7      | Reached XP level 10. HP: 82/82 MP: 17/22
 13669 | D:7      | Bought a scroll of teleportation for 36 gold pieces
 13669 | D:7      | Bought a scroll of teleportation for 36 gold pieces
 13669 | D:7      | Bought a scroll of teleportation for 36 gold pieces
 13669 | D:7      | Bought a scroll of identify for 24 gold pieces
 13669 | D:7      | Bought a scroll of magic mapping for 90 gold pieces
 13680 | D:8      | Found a burning altar of Makhleb.
 13680 | D:8      | Found an ornate altar of the Wu Jian Council.
 13680 | D:8      | Found a shadowy altar of Dithmenos.
 13691 | D:8      | Reached skill level 8 in Fighting
 13698 | D:8      | Reached skill level 5 in Staves
 13727 | D:8      | Reached skill level 9 in Fighting
 14601 | D:8      | You fall into a shaft and drop 3 floors!
 14608 | D:11     | Noticed Psyche
 14617 | D:11     | Killed Psyche
 14618 | D:11     | Reached skill level 10 in Fighting
 14620 | D:11     | Noticed a manticore
 14621 | D:11     | Noticed a centaur warrior
 14632 | D:11     | Shot with an arrow by a centaur warrior

Illustrated notes

Levels and vault maps discovered:
D:1:      dpeg_arrival_water_fire, layout_basic
D:2:      layout_loops_corners, basic_ecumenical_altar, minmay_tetromino_t4
D:3:      layout_rooms, serial_shops, shop, uniq_natasha
D:4:      layout_loops_corners, nicolae_tso_besieged_by_evil,
          minmay_stone_trees_large, uniq_crazy_yiuf_cottage, uniq_pikel
D:5:      layout_basic
D:6:      layout_cave_pools, nicolae_ossuary_entry_ruins, minmay_manual_moon,
          uniq_grinder
D:7:      layout_loops_ring, minmay_temple_entry_fiery, serial_shops, shop,
          chequers_jeans
D:8:      layout_basic, grunt_temple_overflow_open
D:11:     layout_rooms, uniq_psyche
Temple:   hellmonk_temple_divided_pantheon

Skill      XL: |  1  2  3  4  5  6  7  8  9 10 |
---------------+-------------------------------+-----
Fire Magic     | 3 4 5 6 |  6.8
Spellcasting   | 3 4 5 7 8 |  8.6
Conjurations   | 2 3 |  3.6
Staves         | 1 4 6 |  6.6
Fighting       | 7 10 | 10.3
Short Blades   | |  0.5
Polearms       | |  0.5
Dodging        | |  1.7
Stealth        | |  1.7

Action                   |  1- 3 |  4- 6 |  7- 9 | 10-12 || total
-------------------------+-------+-------+-------+-------++-------
Melee: Rapier            |    10 |    13 |       |       ||    23
       Punch             |       |     1 |       |       ||     1
       Trident           |       |    28 |       |       ||    28
       Quarterstaff      |       |       |    46 |    11 ||    57
 Cast: Foxfire           |    72 |    54 |   135 |    50 ||   311
       Scorch            |     3 |    39 |    88 |    29 ||   159
       Conjure Flame     |       |     3 |     8 |     1 ||    12
       Inner Flame       |       |       |     3 |       ||     3
       Flame Wave        |       |       |       |     3 ||     3
  Use: Potion            |       |     3 |     1 |     1 ||     5
       Scroll            |       |     1 |    24 |     3 ||    28
Armor: Robe              |    10 |    11 |    12 |     6 ||    39
Dodge: Dodged            |    33 |    68 |    80 |    36 ||   217
